[Event "Titled Tuesday Blitz January 10 Early 2023"]
[White "Sokolovsky, Yahli"]
[Black "Zeman, Matyas"]
[WhiteFideId "2820242"]
[BlackFideId "364398"]
[WhiteElo "2461"]
[BlackElo "2296"]
[Result "1-0"]
[Round "03"]
[TimeControl "180+2"]
[Date "2023.01.10"]
[WhiteClock "0:01:28"]
[BlackClock "0:00:02"]

1. b3 Nf6 2. Bb2 e6 3. Nf3 d5 4. e3 Be7 5. d4 O-O 6. Bd3 c5 7. Nbd2 Nc6 8. a3 b6 9. O-O Bb7 10. Ne5 Rc8 11. Qf3 Nxe5 12. dxe5 Nd7 13. Qh3 g6 14. c4 Re8 15. Rad1 Bf8 16. cxd5 exd5 17. f4 Bg7 18. Bb5 Bc6 19. Bxc6 Rxc6 20. Nf3 Nf8 21. Ng5 h6 22. Ne4 Qe7 23. Rxd5 c4 24. bxc4 Rxc4 25. Nd6 Rc2 26. Nxe8 Qxe8 27. Bd4 Qc6 28. Qf3 Ne6 29. Rd6 Qc4 30. f5 Ng5 31. Qa8+ Kh7 32. fxg6+ fxg6 33. Qe8 Rxg2+ 34. Kxg2 Qe2+ 35. Kg3 Ne4+ 36. Kf4 1-0


[Site "https://www.chess.com"]

[Event "Titled Tuesday Blitz January 10 Early 2023"]
[White "Jaskolka, Tomasz"]
[Black "Jakubowski, Krzysztof"]
[WhiteFideId "1170791"]
[BlackFideId "1112848"]
[WhiteElo "2238"]
[BlackElo "2486"]
[Result "1-0"]
[Round "03"]
[TimeControl "180+2"]
[Date "2023.01.10"]
[WhiteClock "0:00:06"]
[BlackClock "0:00:08"]

1. d4 Nf6 2. c4 e6 3. g3 d5 4. Bg2 Bb4+ 5. Nd2 O-O 6. Nf3 dxc4 7. O-O c3 8. bxc3 Bxc3 9. Rb1 Nc6 10. e3 Ba5 11. Qc2 Bb6 12. Ba3 Re8 13. Nc4 Bd7 14. Rfc1 Rc8 15. h4 Ne7 16. Nce5 Bc6 17. Bxe7 Qxe7 18. Nxc6 bxc6 19. Qxc6 Qa3 20. Ne5 Qxa2 21. Ra1 Qd2 22. Rc2 Qb4 23. Qf3 Qd6 24. g4 Rf8 25. Rc6 Qb4 26. Rac1 a5 27. g5 Nd5 28. Bh3 Qe7 29. Nxf7 Rxf7 30. Qe4 Kh8 31. Bxe6 Nb4 32. Rxb6 Rcf8 33. f4 cxb6 34. d5 Rd8 35. Qe5 Rff8 36. e4 Qd6 37. Qxd6 Rxd6 38. e5 Rxd5 39. Bxd5 Nxd5 40. f5 Kg8 41. f6 gxf6 42. exf6 Nxf6 43. gxf6 Rxf6 44. Rc7 Rh6 45. Rb7 a4 46. Kf2 Re6 47. Kf3 Rh6 48. Kg4 Kf8 49. Kg5 Rg6+ 50. Kf5 Rc6 51. Rxh7 Ke8 52. Ra7 Kd8 53. h5 Kc8 54. Rxa4 Kb7 55. Re4 b5 56. Re7+ Kc8 57. Re6 Rc5+ 58. Kg6 Kd7 59. Rb6 Kc7 60. Ra6 Kb7 61. Rf6 b4 62. h6 b3 63. h7 Rc8 64. Rf3 Rc6+ 65. Kg7 Rc7+ 66. Kg6 Rc6+ 67. Kg5 Rc5+ 68. Kg4 Rc4+ 69. Kg3 Rc8 70. Rxb3+ Ka6 71. Kg4 Rh8 72. Rh3 Kb6 73. Kg5 Kc6 74. Kg6 Kd7 75. Kg7 1-0


[Site "https://www.chess.com"]

[Event "Titled Tuesday Blitz January 10 Early 2023"]
[White "Khumalo, Keith"]
[Black "Papayan, Oleg"]
[WhiteFideId "14319470"]
[BlackFideId "4193911"]
[WhiteElo "2099"]
[BlackElo "2253"]
[Result "1-0"]
[Round "03"]
[TimeControl "180+2"]
[Date "2023.01.10"]
[WhiteClock "0:01:02"]
[BlackClock "0:00:02"]

1. d4 Nf6 2. c4 e6 3. Nf3 d5 4. g3 dxc4 5. Bg2 c5 6. O-O Nc6 7. dxc5 Qxd1 8. Rxd1 Bxc5 9. Nbd2 c3 10. bxc3 O-O 11. Nb3 Be7 12. c4 Bd7 13. Bb2 Rfc8 14. Rac1 Be8 15. Ne5 Nxe5 16. Bxe5 Bc6 17. Bxc6 Rxc6 18. Na5 Ra6 19. Nxb7 Rxa2 20. Bxf6 gxf6 21. c5 Rc8 22. c6 Kf8 23. e3 Ke8 24. Rd4 Rc7 25. Rh4 Ra6 26. Rxh7 Raxc6 27. Rh8+ Bf8 28. Nd6+ Ke7 29. Rxc6 Rxc6 30. Ne4 f5 31. Ng5 Bg7 32. Ra8 Ra6 33. h4 Ra1+ 34. Kg2 Kf6 35. Rb8 Kg6 36. Rb7 a5 37. Nxf7 a4 38. Nd8 a3 39. Nxe6 Bf6 40. Nf4+ Kh6 41. Rb6 a2 42. Rxf6+ Kg7 43. Ra6 Kh8 44. h5 1-0


[Site "https://www.chess.com"]

[Event "Titled Tuesday Blitz January 10 Early 2023"]
[White "Moskvin, Anatoly"]
[Black "Djokic, Mihailo"]
[WhiteFideId "24199990"]
[BlackFideId "976440"]
[WhiteElo "2189"]
[BlackElo "2192"]
[Result "1-0"]
[Round "03"]
[TimeControl "180+2"]
[Date "2023.01.10"]
[WhiteClock "0:00:22"]
[BlackClock "0:00:06"]

1. e4 c5 2. Nf3 d6 3. d4 cxd4 4. Nxd4 Nf6 5. f3 g6 6. c4 Bg7 7. Nc3 Nc6 8. Be3 O-O 9. Be2 Bd7 10. O-O Nxd4 11. Bxd4 a5 12. b3 Bc6 13. Rc1 Nd7 14. Bxg7 Kxg7 15. Qd4+ Kg8 16. Rfd1 Qb6 17. Kf2 Qxd4+ 18. Rxd4 Nc5 19. Rb1 f5 20. exf5 Rxf5 21. a3 Ne6 22. Rd2 Nf4 23. Bf1 h5 24. h4 Kg7 25. b4 axb4 26. axb4 Ra3 27. Nd1 Nh3+ 28. Ke1 Re5+ 29. Re2 Rxe2+ 30. Bxe2 Nf4 31. Bf1 Ba4 32. Nf2 Ra2 33. c5 d5 34. b5 Ne6 35. Nd3 Nd4 36. c6 Nc2+ 37. Kf2 bxc6 38. b6 Nb4+ 39. Kg3 Na6 40. Nb4 Bc2 41. Nxa2 Nb8 42. Rb2 Bf5 43. Nb4 e5 44. Na6 Nd7 45. b7 d4 46. b8=Q Nxb8 47. Nxb8 c5 48. Na6 c4 49. Bxc4 e4 50. fxe4 Bxe4 51. Nc5 Bc6 52. Kf4 d3 53. Ke5 d2 54. Rxd2 Bxg2 55. Rxg2 1-0


[Site "https://www.chess.com"]

[Event "Titled Tuesday Blitz January 10 Early 2023"]
[White "Guz, Ari"]
[Black "Sai Han Thiha"]
[WhiteFideId "2825759"]
[BlackFideId "13012290"]
[WhiteElo "2324"]
[BlackElo "2070"]
[Result "0-1"]
[Round "03"]
[TimeControl "180+2"]
[Date "2023.01.10"]
[WhiteClock "0:01:38"]
[BlackClock "0:00:06"]

1. d4 Nf6 2. Nc3 d5 3. Bg5 e6 4. e4 Be7 5. Bxf6 Bxf6 6. Nf3 O-O 7. Bd3 c5 8. exd5 cxd4 9. Nxd4 Bxd4 10. Bxh7+ Kxh7 11. Qxd4 exd5 12. O-O-O Be6 13. f4 Nc6 14. Qf2 Qf6 15. g4 Bxg4 16. Nxd5 Qh6 17. Rd3 Bf5 18. Rg3 Rac8 19. Ne3 Be4 20. Re1 Nd4 21. c3 Ne6 22. Ng4 Qh5 23. Rxe4 Nc5 24. Re5 Qxg4 25. Rxc5 Qe6 26. Rh5+ Kg8 27. Rhg5 g6 28. f5 Qf6 29. Qc2 Rc5 30. h4 Re8 31. b4 Re1+ 32. Kb2 Rce5 33. Rxg6+ fxg6 34. Rxg6+ Qxg6 35. fxg6 R5e2 36. Kb3 Rxc2 37. Kxc2 Re2+ 38. Kb3 b5 39. a4 a6 40. axb5 axb5 41. c4 Re3+ 42. Kc2 bxc4 43. Kd2 Rb3 44. h5 Rxb4 45. Kc3 Rb5 46. Kxc4 Rxh5 0-1


[Site "https://www.chess.com"]

[Event "Titled Tuesday Blitz January 10 Early 2023"]
[White "Gracia Alvarez, Gerardo Antonio"]
[Black "Malek, Jan"]
[WhiteFideId "5109124"]
[BlackFideId "21864080"]
[WhiteElo "2238"]
[BlackElo "2370"]
[Result "0-1"]
[Round "03"]
[TimeControl "180+2"]
[Date "2023.01.10"]
[WhiteClock "0:00:01"]
[BlackClock "0:00:05"]

1. d4 d5 2. Nf3 e6 3. Bf4 Bd6 4. e3 Bxf4 5. exf4 Ne7 6. Nbd2 O-O 7. c3 c5 8. dxc5 Ng6 9. g3 Qc7 10. Bd3 Qxc5 11. O-O Nc6 12. Nb3 Qb6 13. Qe2 Re8 14. Nbd4 Bd7 15. h4 e5 16. Nxc6 Bxc6 17. fxe5 d4 18. cxd4 Bxf3 19. Qxf3 Qxd4 20. Bxg6 hxg6 21. Qxb7 Rab8 22. Qc7 Rxb2 23. Rad1 Qxe5 24. Qxa7 Qe4 25. Rde1 Qxe1 26. Rxe1 Rxe1+ 27. Kg2 Ra1 28. Qa8+ Kh7 29. Qd5 f6 30. h5 Raxa2 31. hxg6+ Kh6 32. Kh3 Rxf2 33. Qe4 f5 34. Qe3+ Kxg6 35. Qe6+ Kh7 36. Kh4 Ra4+ 37. Kh3 Rg4 38. Qe3 Rc2 39. Qd3 Rc5 40. Qd7 Re5 41. Qd6 Rge4 0-1


[Site "https://www.chess.com"]

[Event "Titled Tuesday Blitz January 10 Early 2023"]
[White "Piesik, Piotr"]
[Black "Kazancev, Valerij M"]
[WhiteFideId "1136194"]
[BlackFideId "4179609"]
[WhiteElo "2426"]
[BlackElo "2313"]
[Result "1-0"]
[Round "03"]
[TimeControl "180+2"]
[Date "2023.01.10"]
[WhiteClock "0:02:09"]
[BlackClock "0:01:50"]

1. Nf3 e6 2. g3 g6 3. Bg2 Bg7 4. O-O Ne7 5. c4 a6 6. Nc3 d6 7. d4 h6 8. e4 Nd7 9. d5 O-O 10. dxe6 fxe6 11. Nd4 Nb6 12. b3 c5 13. Nde2 Nc6 14. Be3 e5 15. Nd5 Nd4 16. Nxd4 exd4 17. Bf4 Nxd5 18. exd5 g5 19. Bd2 Bf5 20. f4 g4 21. Re1 Re8 22. Rxe8+ Qxe8 23. Qf1 Qg6 24. Re1 Re8 25. Rxe8+ Qxe8 26. Kf2 b5 27. Qe1 Qxe1+ 28. Kxe1 Bb1 29. cxb5 axb5 30. a4 b4 31. a5 Bf5 32. a6 Bc8 33. Bf1 Bf6 34. Bb5 Bd8 35. a7 1-0


[Site "https://www.chess.com"]

[Event "Titled Tuesday Blitz January 10 Early 2023"]
[White "Flynn, Jacob"]
[Black "Osmak, Yuliia"]
[WhiteFideId "2509393"]
[BlackFideId "14101602"]
[WhiteElo "2102"]
[BlackElo "2440"]
[Result "0-1"]
[Round "03"]
[TimeControl "180+2"]
[Date "2023.01.10"]
[WhiteClock "0:00:09"]
[BlackClock "0:00:08"]

1. d4 d6 2. Nf3 Bg4 3. e4 Nf6 4. Nc3 c6 5. a4 Nbd7 6. Be2 e5 7. dxe5 dxe5 8. Nd2 Bxe2 9. Qxe2 Bb4 10. O-O Bxc3 11. bxc3 O-O 12. Ba3 Re8 13. Nc4 Re6 14. Rab1 Qc7 15. Rfd1 Nb6 16. Na5 h6 17. Rd3 Nxa4 18. Nxb7 Rb8 19. Rb4 Nxc3 20. Rxc3 Rxb7 21. Rxb7 Qxb7 22. g3 Qb5 23. Qc4 Qb1+ 24. Kg2 Qe1 25. Re3 Qa1 26. Qb4 Re8 27. Bb2 Qd1 28. Qc4 Qb1 29. Rb3 Qe1 30. Rb7 Qxe4+ 31. Qxe4 Nxe4 32. Rxa7 f6 33. Rc7 Re6 34. f4 exf4 35. gxf4 Nd2 36. Kf2 Nc4 37. Bd4 Rd6 38. c3 Kh7 39. Kf3 Kg6 40. Bc5 Rd3+ 41. Ke4 Rxc3 42. Bf8 f5+ 43. Kd4 Rc1 44. Rxg7+ Kh5 45. Rh7 Kg4 46. Bxh6 Nd2 47. Bg5 Nf3+ 48. Ke3 Nxg5 49. Rg7 Re1+ 50. Kd2 Re4 51. fxg5 f4 52. Kd3 Re3+ 53. Kd2 Re6 54. Ra7 Kxg5 55. Rg7+ Kf5 56. h4 f3 57. Rg1 Kf4 58. h5 f2 59. Rf1 Kf3 60. Rh1 Kg2 61. h6 f1=Q 62. Rxf1 Kxf1 63. h7 Rh6 0-1


[Site "https://www.chess.com"]

[Event "Titled Tuesday Blitz January 10 Early 2023"]
[White "Oro, Faustino"]
[Black "Salman, Pavel"]
[WhiteFideId "20000197"]
[BlackFideId "24153753"]
[WhiteElo "2269"]
[BlackElo "2287"]
[Result "1-0"]
[Round "03"]
[TimeControl "180+2"]
[Date "2023.01.10"]
[WhiteClock "0:00:40"]
[BlackClock "0:00:07"]

1. e4 c5 2. Nf3 e6 3. d4 cxd4 4. Nxd4 a6 5. Bd3 Bc5 6. Nb3 Ba7 7. O-O Ne7 8. Qe2 e5 9. Nc3 O-O 10. Be3 d6 11. Rad1 Nbc6 12. Kh1 Ng6 13. Nd5 Be6 14. Bxa7 Rxa7 15. Qe3 b5 16. c4 Qb8 17. c5 Rd8 18. Bb1 a5 19. cxd6 Rxd6 20. Nc5 Bxd5 21. exd5 Nd4 22. Bxg6 Rxg6 23. Rfe1 f6 24. Rxd4 exd4 25. Qe6+ Rf7 26. Nd7 Qd8 27. Qe8+ Rf8 28. Nxf8 Qxe8 29. Rxe8 Rg5 30. Ne6+ Kf7 31. Nxg5+ Kxe8 32. Nf3 d3 33. Kg1 Kd7 34. Kf1 Kd6 35. Ke1 Kxd5 36. Kd2 Ke4 37. Ne1 1-0


[Site "https://www.chess.com"]

[Event "Titled Tuesday Blitz January 10 Early 2023"]
[White "Sanchez, Robert"]
[Black "Bodnaruk, Anastasia"]
[WhiteFideId "2034360"]
[BlackFideId "4181751"]
[WhiteElo "1966"]
[BlackElo "2350"]
[Result "0-1"]
[Round "03"]
[TimeControl "180+2"]
[Date "2023.01.10"]
[WhiteClock "0:00:10"]
[BlackClock "0:00:09"]

1. e4 c5 2. Nf3 d6 3. d4 cxd4 4. Nxd4 Nf6 5. Nc3 a6 6. Be3 e5 7. Nb3 Be6 8. f3 Nbd7 9. Qd2 Be7 10. O-O-O O-O 11. g4 b5 12. g5 Nh5 13. Kb1 b4 14. Nd5 Bxd5 15. exd5 a5 16. Nc1 f5 17. gxf6 Bxf6 18. Ne2 Rb8 19. Bh3 a4 20. Bg4 Nf4 21. Bxd7 Qxd7 22. Bxf4 exf4 23. Nd4 a3 24. b3 Rfe8 25. Ne6 Qa7 26. Rhg1 Be5 27. h4 Re7 28. h5 Qb6 29. h6 g6 30. Nxf4 Rf8 31. Ne6 Rxf3 32. Rgf1 Ref7 33. Qe2 Qe3 34. Qb5 Rxf1 35. Rxf1 Rxf1+ 36. Qxf1 Qxh6 37. Nd8 Qf4 38. Qd1 Qd4 39. Qxd4 Bxd4 40. Ne6 Bc3 41. Kc1 h5 42. Kd1 Kf7 43. Ke2 Kf6 44. Kf3 g5 45. Kg3 Be5+ 46. Kh3 g4+ 47. Kg2 h4 48. Kf2 h3 0-1


[Site "https://www.chess.com"]

[Event "Titled Tuesday Blitz January 10 Early 2023"]
[White "Sourath Biswas"]
[Black "Rengifo Blancas, Renzo Jhonathan"]
[WhiteFideId "35091484"]
[BlackFideId "3807185"]
[WhiteElo "2281"]
[BlackElo "2131"]
[Result "1/2-1/2"]
[Round "03"]
[TimeControl "180+2"]
[Date "2023.01.10"]
[WhiteClock "0:00:05"]
[BlackClock "0:00:08"]

1. d4 d5 2. Bf4 c6 3. e3 Nf6 4. c4 Nbd7 5. Nc3 e6 6. Nf3 Be7 7. Bd3 O-O 8. Ne5 a6 9. h4 Qe8 10. h5 dxc4 11. Bxc4 b5 12. Bd3 c5 13. Qf3 Ra7 14. h6 g6 15. Qg3 cxd4 16. exd4 Bb7 17. Rd1 b4 18. Ne2 Nd5 19. Nxd7 Qxd7 20. Be5 Bf6 21. O-O Qd8 22. Nf4 Nxf4 23. Qxf4 Qd5 24. f3 Bxe5 25. dxe5 Qc5+ 26. Kh1 Qe7 27. Bc4 Rc8 28. Rd7 Qf8 29. Rfd1 a5 30. Bxe6 fxe6 31. Rg7+ Kh8 32. Rdd7 Rc1+ 33. Qxc1 Bxf3 34. Rxh7+ Kg8 35. Rdg7+ Rxg7 36. Rxg7+ Kh8 37. Qc7 Bd5 38. Rf7 Qxh6+ 39. Kg1 Qe3+ 40. Rf2 Qe1+ 41. Rf1 Qe3+ 42. Kh2 Qh6+ 43. Kg1 Qe3+ 44. Rf2 Qe1+ 45. Rf1 Qe3+ 1/2-1/2


[Site "https://www.chess.com"]

[Event "Titled Tuesday Blitz January 10 Early 2023"]
[White "Guzman, Christopher"]
[Black "Girsh, Daniel"]
[WhiteFideId "6405096"]
[BlackFideId "30949190"]
[WhiteElo "2271"]
[BlackElo "2123"]
[Result "0-1"]
[Round "03"]
[TimeControl "180+2"]
[Date "2023.01.10"]
[WhiteClock "0:02:56"]
[BlackClock "0:02:58"]

1. e4 c5 2. Nf3 d6 3. d4 cxd4 4. Nxd4 Nf6 5. Nc3 a6 6. h4 e5 7. Nb3 Be7 8. Bg5 Be6 9. g3 b5 10. Qg4 Bxg4 0-1


[Site "https://www.chess.com"]

[Event "Titled Tuesday Blitz January 10 Early 2023"]
[White "Bozorov, Makhsum"]
[Black "Maksimenko, Viktor"]
[WhiteFideId "14201330"]
[BlackFideId "13710478"]
[WhiteElo "2145"]
[BlackElo "2196"]
[Result "0-1"]
[Round "03"]
[TimeControl "180+2"]
[Date "2023.01.10"]
[WhiteClock "0:00:06"]
[BlackClock "0:01:15"]

1. d4 Nf6 2. c4 e6 3. g3 c5 4. Nf3 cxd4 5. Nxd4 d5 6. Bg2 e5 7. Nc2 d4 8. O-O Nc6 9. a3 a5 10. e4 Bc5 11. Ne1 O-O 12. Nd3 Bd6 13. b3 Re8 14. Bg5 h6 15. Bxf6 Qxf6 16. Nd2 Bd7 17. Qc2 Qe7 18. Rfc1 Bxa3 19. Rd1 Nb4 20. Nxb4 Bxb4 21. Bf1 Rec8 22. Bd3 b5 23. Qa2 Bc3 24. Rab1 b4 25. Qc2 a4 26. bxa4 Rxa4 27. Nb3 Rca8 28. Qe2 Ra2 29. Qf3 Be6 30. Nc1 R2a3 31. Nb3 Qc7 32. Nc1 Bxc4 33. Bxc4 Qxc4 34. Nd3 R3a5 35. g4 b3 36. h4 R8a6 37. Kg2 Qe6 38. g5 g6 39. Rh1 h5 40. Qg3 b2 41. f4 Ra1 42. Nxe5 Rxb1 43. Rxb1 Ra1 44. Rxb2 Bxb2 45. f5 0-1


[Site "https://www.chess.com"]

[Event "Titled Tuesday Blitz January 10 Early 2023"]
[White "Royal, Shreyas"]
[Black "Donskov, Anatoly"]
[WhiteFideId "448869"]
[BlackFideId "24143413"]
[WhiteElo "2438"]
[BlackElo "2279"]
[Result "1-0"]
[Round "03"]
[TimeControl "180+2"]
[Date "2023.01.10"]
[WhiteClock "0:01:29"]
[BlackClock "0:00:29"]

1. e4 c5 2. Nf3 e6 3. g3 Nc6 4. Bg2 Nf6 5. d3 d5 6. Nbd2 g6 7. O-O Bg7 8. Re1 O-O 9. c3 Kh8 10. Qc2 h6 11. Nb3 b6 12. exd5 exd5 13. Bf4 Bf5 14. Qd2 Kh7 15. Ne5 Nxe5 16. Bxe5 Qd7 17. d4 c4 18. Nc1 Ne4 19. Bxe4 Bxe4 20. Bxg7 Kxg7 21. Ne2 g5 22. Qe3 Qf5 23. Rf1 Bf3 24. Nf4 Be4 25. Nh5+ Kg6 26. f3 Kxh5 27. g4+ Kg6 28. gxf5+ Bxf5 29. Qe5 f6 30. Qxd5 1-0


[Site "https://www.chess.com"]

[Event "Titled Tuesday Blitz January 10 Early 2023"]
[White "Mohamed Anees M"]
[Black "Gonzalez, Francisco Silva"]
[WhiteFideId "35065815"]
[BlackFideId "1512285"]
[WhiteElo "2315"]
[BlackElo "2021"]
[Result "1-0"]
[Round "03"]
[TimeControl "180+2"]
[Date "2023.01.10"]
[WhiteClock "0:02:09"]
[BlackClock "0:01:23"]

1. c4 e6 2. Nc3 d5 3. d4 a6 4. cxd5 exd5 5. Nf3 Nf6 6. Bf4 Be6 7. Rc1 Bd6 8. Ne5 O-O 9. e3 Nbd7 10. Bd3 Qe7 11. Bg3 c5 12. O-O cxd4 13. exd4 Rfc8 14. f4 Nb6 15. Re1 Qf8 16. Bh4 Be7 17. Qb3 Nc4 18. f5 Bc5 19. dxc5 Ng4 20. Nxg4 d4 21. fxe6 Nd2 22. exf7+ Kh8 23. Qe6 dxc3 24. Be7 cxb2 25. Rcd1 Rc6 26. Bxf8 Rxe6 27. Rxe6 Rxf8 28. Re8 g6 29. Rxf8+ Kg7 30. Rb8 Kxf7 31. Rxd2 b1=N 32. Bxb1 h5 33. Rd6 Ke7 34. Rxb7+ Ke8 35. Bxg6+ 1-0


[Site "https://www.chess.com"]

[Event "Titled Tuesday Blitz January 10 Early 2023"]
[White "Yaksin, Oleg"]
[Black "Perez Rodriguez, Luis Manuel"]
[WhiteFideId "24105880"]
[BlackFideId "3503364"]
[WhiteElo "2389"]
[BlackElo "2329"]
[Result "1-0"]
[Round "03"]
[TimeControl "180+2"]
[Date "2023.01.10"]
[WhiteClock "0:00:54"]
[BlackClock "0:01:18"]

1. d4 d5 2. c4 c6 3. Nf3 Nf6 4. Qb3 dxc4 5. Qxc4 g6 6. Nc3 Bg7 7. Bg5 O-O 8. e4 b5 9. Qb3 a5 10. Be2 b4 11. Bxf6 exf6 12. Na4 Re8 13. Qc2 Qe7 14. Nb6 Ra7 15. O-O Be6 16. Rfe1 f5 17. exf5 Bxf5 18. Bd3 Be6 19. Bc4 Qf6 20. Bxe6 Rxe6 21. Rxe6 Qxe6 22. Re1 Qxa2 23. Re8+ Bf8 24. g3 Nd7 25. Nxd7 Rxd7 26. Qc5 1-0


[Site "https://www.chess.com"]

[Event "Titled Tuesday Blitz January 10 Early 2023"]
[White "Dudzinski, Pawel"]
[Black "Lamaze, Simon"]
[WhiteFideId "1117890"]
[BlackFideId "36069264"]
[WhiteElo "2186"]
[BlackElo "2363"]
[Result "1-0"]
[Round "03"]
[TimeControl "180+2"]
[Date "2023.01.10"]
[WhiteClock "0:00:07"]
[BlackClock "0:00:49"]

1. e4 e5 2. Nf3 Nc6 3. d4 exd4 4. Nxd4 Bc5 5. Nxc6 Qf6 6. Qf3 Qxf3 7. gxf3 dxc6 8. Be3 Bxe3 9. fxe3 Be6 10. Nd2 f6 11. Bc4 Bxc4 12. Nxc4 Ne7 13. a4 a5 14. b3 b6 15. h4 Kf7 16. h5 Ke6 17. f4 g6 18. hxg6 hxg6 19. Ke2 Rad8 20. Rag1 Rdg8 21. Kf3 Rd8 22. e5 b5 23. exf6 Kxf6 24. axb5 Rxh1 25. Rxh1 cxb5 26. Nxa5 Rd2 27. c4 b4 28. Nb7 Nf5 29. Nc5 Rc2 30. Rd1 Nd6 31. e4 Ke7 32. Rd3 Rh2 33. e5 Nf5 34. Rd7+ Ke8 35. Rxc7 Rh3+ 36. Ke4 Kd8 37. Rd7+ Ke8 38. e6 Re3+ 39. Kd5 Ne7+ 40. Kd6 Nf5+ 41. Kc7 Kf8 42. Rd8+ Ke7 43. Rd7+ Ke8 44. Kc6 Ne7+ 45. Kb5 Rf3 46. Kxb4 Rxf4 47. Nb7 Nc6+ 48. Kc5 Ne5 49. Nd6+ Kf8 50. e7+ Kg7 51. e8=Q+ Nxd7+ 52. Qxd7+ Kf6 53. Qf7+ Ke5 54. Qxf4+ Kxf4 55. Nf7 g5 56. Nxg5 Kxg5 57. Kc6 Kf6 58. b4 Kf7 59. Kc7 Ke7 60. b5 1-0


[Site "https://www.chess.com"]

[Event "Titled Tuesday Blitz January 10 Early 2023"]
[White "Khripachenko, Alexander"]
[Black "Jumanov, Elbek"]
[WhiteFideId "54184975"]
[BlackFideId "14202905"]
[WhiteElo "2110"]
[BlackElo "2155"]
[Result "1-0"]
[Round "03"]
[TimeControl "180+2"]
[Date "2023.01.10"]
[WhiteClock "0:00:59"]
[BlackClock "0:00:45"]

1. e4 c5 2. Nf3 e6 3. d4 cxd4 4. Nxd4 Nf6 5. Nc3 d6 6. g4 h6 7. Be3 Nc6 8. Be2 Be7 9. h4 a6 10. Rg1 g6 11. g5 hxg5 12. hxg5 Nd7 13. f4 Qc7 14. Qd2 b5 15. Nxc6 Qxc6 16. Qd4 e5 17. Qd2 Nc5 18. Bf3 Be6 19. O-O-O b4 20. Nd5 Rc8 21. f5 Bxd5 22. exd5 Qa4 23. Kb1 gxf5 24. g6 fxg6 25. Rxg6 Rh3 26. Qg2 Rxf3 27. Qxf3 Ne4 28. Rg8+ Bf8 29. Rxf8+ Kxf8 30. Qxf5+ Ke7 31. Qxc8 1-0


[Site "https://www.chess.com"]

[Event "Titled Tuesday Blitz January 10 Early 2023"]
[White "Kuznecovs, Nikita"]
[Black "Maltsevskaya, Aleksandra"]
[WhiteFideId "11604557"]
[BlackFideId "24174041"]
[WhiteElo "2287"]
[BlackElo "2390"]
[Result "0-1"]
[Round "03"]
[TimeControl "180+2"]
[Date "2023.01.10"]
[WhiteClock "0:00:07"]
[BlackClock "0:00:04"]

1. Nf3 c6 2. e4 d5 3. d3 dxe4 4. Ng5 exd3 5. Bxd3 e6 6. Nc3 Nf6 7. h4 h6 8. Nf3 Bc5 9. Qe2 Nbd7 10. Bf4 Nd5 11. Nxd5 cxd5 12. g4 Nf6 13. Rg1 Qb6 14. O-O-O Bxf2 15. Rg2 Bc5 16. g5 hxg5 17. hxg5 Nh5 18. Be5 Bd7 19. Rh1 Ke7 20. Rgh2 g6 21. Bf6+ Kd6 22. Bxh8 Be3+ 23. Kb1 Rxh8 24. Re1 Bd4 25. Nxd4 Qxd4 26. c3 Qf4 27. Rf2 Qxg5 28. Rxf7 Nf4 29. Qd2 Rh4 30. c4 e5 31. cxd5 Ne6 32. Qb4+ Rxb4 33. dxe6 Bxe6 34. Rf2 Bd5 35. Rd1 Rd4 36. Rf8 e4 0-1


[Site "https://www.chess.com"]

[Event "Titled Tuesday Blitz January 10 Early 2023"]
[White "Kotepalli, Sai Nirupama"]
[Black "Renjith, Sravan"]
[WhiteFideId "5039444"]
[BlackFideId "4306783"]
[WhiteElo "1910"]
[BlackElo "2172"]
[Result "0-1"]
[Round "03"]
[TimeControl "180+2"]
[Date "2023.01.10"]
[WhiteClock "0:00:01"]
[BlackClock "0:00:23"]

1. e4 e5 2. d3 Bc5 3. Nf3 d6 4. g3 Ne7 5. Bg2 O-O 6. O-O Nbc6 7. c3 f5 8. Qb3+ Kh8 9. Nbd2 a6 10. a4 Ba7 11. Qc2 fxe4 12. dxe4 Bg4 13. Nh4 Ng6 14. Nxg6+ hxg6 15. Nc4 Qf6 16. Be3 Bf3 17. Bxa7 Bxg2 18. Kxg2 Qf3+ 19. Kg1 Rxa7 20. Rae1 Raa8 21. Qe2 b5 22. axb5 axb5 23. Qxf3 Rxf3 24. Kg2 Rd3 25. Na3 b4 26. cxb4 Nxb4 27. Nb5 c6 28. Nc3 Nc2 29. Rd1 Rxd1 30. Rxd1 Nd4 31. f4 Rb8 32. Rd2 Kg8 33. h4 Kf7 34. fxe5 dxe5 35. Rf2+ Ke7 36. Rd2 Nb3 37. Rc2 Nc5 38. Ne2 Nxe4 39. Rxc6 Rxb2 40. Kf3 Nd6 41. Nc3 Rb3 42. Kg4 Ke6 43. Ne4 Rb4 44. Rxd6+ Ke7 45. Rxg6 Rxe4+ 46. Kf5 Re3 47. Rxg7+ Kf8 48. Rg5 Re1 49. Kf6 e4 50. h5 e3 51. g4 e2 52. Kg6 Rf1 0-1


[Site "https://www.chess.com"]

[Event "Titled Tuesday Blitz January 10 Early 2023"]
[White "Fiorito, Joaquin"]
[Black "Langner, Ladislav"]
[WhiteFideId "180173"]
[BlackFideId "300403"]
[WhiteElo "2405"]
[BlackElo "2368"]
[Result "1-0"]
[Round "03"]
[TimeControl "180+2"]
[Date "2023.01.10"]
[WhiteClock "0:00:11"]
[BlackClock "0:00:01"]

1. d4 Nf6 2. Nc3 g6 3. e4 d6 4. Be3 Ng4 5. Bg5 h6 6. Bh4 g5 7. Bg3 Bg7 8. Qd2 Nd7 9. f3 Ngf6 10. O-O-O c5 11. Nge2 cxd4 12. Nxd4 a6 13. Kb1 Nc5 14. h4 g4 15. Nb3 Nxb3 16. axb3 Qa5 17. h5 Be6 18. Nd5 Qxd2 19. Rxd2 Nxd5 20. exd5 Bf5 21. Be2 gxf3 22. Bxf3 Rg8 23. Bf4 Rc8 24. Re1 Kd7 25. Kc1 Rc5 26. Rde2 Bf6 27. Bxh6 Bg4 28. Rd1 Ra5 29. Kb1 Bxf3 30. gxf3 Rh8 31. Bd2 Rxd5 32. h6 Rxh6 33. c4 Rd4 34. Rde1 Rh3 35. Bc3 Rf4 36. Bxf6 Rxf6 37. Rxe7+ Kc6 38. Re8 Rhxf3 39. Rc8+ 1-0


[Site "https://www.chess.com"]

[Event "Titled Tuesday Blitz January 10 Early 2023"]
[White "Leschinsky, Gary"]
[Black "Iskusnyh, Sergei"]
[WhiteFideId "30951321"]
[BlackFideId "4120027"]
[WhiteElo "1969"]
[BlackElo "2440"]
[Result "1/2-1/2"]
[Round "03"]
[TimeControl "180+2"]
[Date "2023.01.10"]
[WhiteClock "0:00:19"]
[BlackClock "0:00:08"]

1. d4 d5 2. c4 c6 3. Nf3 Nf6 4. g3 Bf5 5. Bg2 e6 6. Nc3 h6 7. Qb3 Qb6 8. c5 Qc7 9. Bf4 Qc8 10. O-O Nbd7 11. Qd1 Be7 12. b4 Ne4 13. Nxe4 Bxe4 14. Ne5 Bxg2 15. Kxg2 O-O 16. Nxd7 Qxd7 17. Qd2 Bf6 18. e3 Rfe8 19. Be5 Be7 20. g4 f6 21. Bg3 e5 22. h3 Bd8 23. a4 Bc7 24. Rfe1 f5 25. Qd1 f4 26. Bh2 fxe3 27. Rxe3 exd4 28. Qxd4 Rxe3 29. Qxe3 Re8 30. Qd3 Bxh2 31. Kxh2 Re4 32. b5 Qe7 33. Rc1 Rxa4 34. bxc6 bxc6 35. Qf5 Re4 36. Rb1 Qe5+ 37. Qxe5 Rxe5 38. Rb7 d4 39. Rd7 Rxc5 40. Rxd4 a5 41. Rd7 a4 42. Ra7 Rc4 43. Kg3 g5 44. h4 Rc3+ 45. f3 a3 46. hxg5 hxg5 47. Kf2 Rc2+ 48. Ke3 a2 49. Ke4 Kf8 50. Kf5 Rc5+ 51. Kf6 Ke8 52. Rxa2 Kd7 53. Ra7+ Kd6 54. Rg7 Rc3 55. Kxg5 Rxf3 56. Rg8 c5 57. Rc8 Kd5 58. Kh6 c4 59. g5 Rh3+ 60. Kg7 c3 61. Rd8+ Kc4 62. g6 c2 63. Rc8+ Kb3 64. Rxc2 Kxc2 65. Kf8 Rf3+ 66. Ke7 Rg3 67. Kf7 Kd3 68. g7 Ke4 69. g8=Q Rxg8 70. Kxg8 1/2-1/2


[Site "https://www.chess.com"]

[Event "Titled Tuesday Blitz January 10 Early 2023"]
[White "Ginzburg, Yakov"]
[Black "Sargissyan, Sargis"]
[WhiteFideId "4157176"]
[BlackFideId "13303210"]
[WhiteElo "2405"]
[BlackElo "2234"]
[Result "1-0"]
[Round "03"]
[TimeControl "180+2"]
[Date "2023.01.10"]
[WhiteClock "0:01:03"]
[BlackClock "0:00:04"]

1. d4 Nf6 2. Nf3 d5 3. c4 dxc4 4. g3 g6 5. Bg2 Bg7 6. Qa4+ Nbd7 7. O-O O-O 8. Qxc4 Nb6 9. Qd3 Bf5 10. Qd1 c5 11. Nc3 Rc8 12. dxc5 Rxc5 13. Be3 Rc8 14. Qxd8 Rfxd8 15. Nd4 Nfd5 16. Nxf5 gxf5 17. Nxd5 Nxd5 18. Bxa7 Ra8 19. Bc5 Bxb2 20. Rab1 Bf6 21. Rxb7 e6 22. a3 Ra5 23. Bxd5 Rxc5 24. Bf3 Ra5 25. Bh5 Rf8 26. Rd1 Rxa3 27. Rdd7 Ra1+ 28. Kg2 Ra6 29. Bxf7+ Kh8 30. Bh5 1-0


[Site "https://www.chess.com"]